 Dungeon Crawl Stone Soup version 0.22.0-38-g04b72b8 (webtiles) character file.

1080 Lew the Shield-Bearer (level 8, -2/62 HPs)
             Began as a Formicid Fighter on Aug 31, 2018.
             Was a Priest of Okawaru.
             Slain by Americanboy's ghost (11 damage)
             ... on level 4 of the Dungeon.
             The game lasted 00:09:43 (4951 turns).

Lew the Shield-Bearer (Formicid Fighter)            Turns: 4951, Time: 00:09:43

Health: -2/62      AC:  7    Str: 25 (27) XL:     8   Next: 55%
Magic:  8/8        EV: 11    Int:  5 (9)  God:    Okawaru [***...]
Gold:   249        SH: 11    Dex: 16 (17) Spells: 7/7 levels left

rFire    . . .     SeeInvis +   a - +0 war axe
rCold    . . .     Gourm    .   c - +0 shield
rNeg     . . .     Faith    .   b - +0 scale mail
rPois    .         Spirit   .   (helmet unavailable)
rElec    .         Reflect  .   (no cloak)
rCorr    .         Harm     .   (no gloves)
MR       .....                  (no boots)
Stlth    ++........             (no amulet)
HPRegen  0.20/turn              d - +5 ring of dexterity
MPRegen  0.11/turn              (no ring)

@: mighty
A: permanent stasis, dig shafts and tunnels, four strong arms, antennae 3,
hooves 1, clever 1, deterioration 1
a: Dig, Shaft Self, Heroism, Renounce Religion


You were on level 4 of the Dungeon.
You worshipped Okawaru.
Okawaru was most pleased with you.
You were not hungry.

You visited 1 branch of the dungeon, and saw 4 of its levels.

You collected 249 gold pieces.

Inventory:

Hand Weapons
 a - a +0 war axe (weapon)
Armour
 b - a +0 scale mail (worn)
 c - a +0 shield (worn)
Jewellery
 d - a +5 ring of dexterity (left hand)
 g - an uncursed amulet of magic regeneration
Scrolls
 h - a scroll of magic mapping {unknown}
 i - a scroll of random uselessness {unknown}
 j - a scroll of enchant armour {unknown}
 k - a scroll of immolation {unknown}
 l - 4 scrolls of remove curse
 n - 3 scrolls of teleportation
 p - a scroll of amnesia {unknown}
 q - a scroll of fear {unknown}
Potions
 o - a potion of haste
Comestibles
 f - 6 rations


   Skills:
 - Level 5.0 Fighting
 + Level 3.6 Axes
 + Level 4.7 Armour
 * Level 3.9 Dodging
 - Level 5.3 Stealth
 + Level 6.3 Shields


You had 7 spell levels left.
You didn't know any spells.
Your spell library was empty.

Dungeon Overview and Level Annotations

Branches:
Dungeon (4/15)
 Temple: D:4-7

Altars:
Okawaru
Yredelemnul

Annotations:
D:4 Americanboy's ghost, novice GnFi


Innate Abilities, Weirdness & Mutations

You cannot be hasted, slowed, berserked, paralysed or teleported.
You can dig through walls and to a lower floor.
Your four strong arms can wield two-handed weapons with a shield.
You have a pair of large antennae on your head. (SInv)
You have large cloven feet.
Your mind is acute. (Int +2)
Your body sometimes deteriorates upon taking damage.


Message History

You are too injured to fight recklessly!
You are too injured to fight recklessly!
You are too injured to fight recklessly!
You are too injured to fight recklessly!
You are too injured to fight recklessly!
You are too injured to fight recklessly!
You are too injured to fight recklessly!
You are too injured to fight recklessly!
You are too injured to fight recklessly!
You are too injured to fight recklessly!
You are too injured to fight recklessly!
You are too injured to fight recklessly!
You slash Americanboy's ghost! You kick Americanboy's ghost.
Americanboy's ghost is severely damaged.
Americanboy's ghost hits you!
* * * LOW HITPOINT WARNING * * *
You slash Americanboy's ghost! You kick Americanboy's ghost.
Americanboy's ghost is almost destroyed.
Americanboy's ghost hits you!
You die...

#.#....)..# ############
#.#.#....## #..........#
#.#..<....# #.####.###.#
##.##.......
#......########...#..###.#
#.#.#..#.8.#.........# #.#
#......#.?)####...##.###.#
#.#.#..##W## ##.###......
#.#......@.# #.# #####.#
#.###.#...## #.# #.# #.#
#.##### ##'## #.# #.###.#
##...## #.# #.....##
##.....## #.# #####..##
##.......## #.#
##...####.........###..
#.......'.........'....
##...####.........###..


You could see Americanboy's ghost.

Vanquished Creatures
  Pikel (D:4)
  2 slaves
  2 ogres (D:4)
  The ghost of BryzzWind the Firebug, an amateur GrFE of Nemelex Xobeh (D:3)
  4 quasits (D:3)
  An orc wizard (D:3)
  An orc priest (D:3)
  An iguana (D:2)
  Robin (D:3)
  4 adders
  2 oozes
  An adder skeleton (D:4)
  11 dart slugs
  4 leopard geckos
  An orc (D:3)
  9 bats
  5 giant cockroaches
  9 goblins
  11 hobgoblins
  8 jackals (D:2)
  8 kobolds
  5 quokkas
  A ball python (D:3)
  A frilled lizard (D:3)
  9 rats
103 creatures vanquished.

Vanquished Creatures (others)
  An iguana (D:4)
  An adder (D:4)
  An adder skeleton (D:4)
  2 withered plants (D:4)
5 creatures vanquished.

Grand Total: 108 creatures vanquished

Notes
Turn   | Place    | Note
-------+----------+-------------------------------------------
     0 | D:1      | Lew the Formicid Fighter began the quest for the Orb.
     0 | D:1      | Reached XP level 1. HP: 18/18 MP: 1/1
    48 | D:1      | Reached XP level 2. HP: 20/24 MP: 2/2
    75 | D:2      | You fall through a shaft for 2 floors!
   120 | D:4      | Reached skill level 1 in Stealth
   141 | D:4      | Reached XP level 3. HP: 26/29 MP: 3/3
   165 | D:4      | Noticed an ogre
   173 | D:4      | Killed an ogre
   173 | D:4      | Reached skill level 1 in Dodging
   173 | D:4      | Reached skill level 4 in Shields
   173 | D:4      | Reached XP level 4. HP: 20/37 MP: 4/4
   173 | D:4      | Reached XP level 5. HP: 23/42 MP: 5/5
   374 | D:4      | Noticed a slave
   374 | D:4      | Noticed a slave
   375 | D:4      | Noticed Pikel
   376 | D:4      | Noticed a slave
   377 | D:4      | Noticed a slave
   425 | D:4      | Noticed an ogre
   437 | D:4      | Found an iron altar of Okawaru.
   445 | D:4      | Became a worshipper of Warmaster Okawaru
   467 | D:3      | Killed a slave
  1016 | D:3      | Found a transporter.
  1019 | D:3      | Noticed BryzzWind's ghost (amateur GrFE)
  1066 | D:2      | Reached XP level 6. HP: 45/49 MP: 6/6
  1613 | D:2      | Gained mutation: You have large cloven feet. [potion of mutation]
  1613 | D:2      | Gained mutation: Your body sometimes deteriorates upon taking damage. [potion of mutation]
  1613 | D:2      | Gained mutation: Your mind is acute. (Int +2) [potion of mutation]
  2560 | D:3      | Noticed Robin
  2586 | D:3      | Killed Robin
  2782 | D:3      | Found a transporter.
  3154 | D:3      | Found a basalt altar of Yredelemnul.
  3454 | D:3      | Reached skill level 5 in Shields
  3458 | D:3      | Reached XP level 7. HP: 55/55 MP: 7/7
  3469 | D:3      | Killed BryzzWind's ghost
  3469 | D:3      | Reached * piety under Okawaru
  3726 | D:4      | Reached skill level 5 in Fighting
  3775 | D:4      | Killed Pikel
  3775 | D:4      | Reached ** piety under Okawaru
  3775 | D:4      | Reached skill level 5 in Stealth
  3775 | D:4      | Reached skill level 6 in Shields
  3775 | D:4      | Reached XP level 8. HP: 49/62 MP: 8/8
  4159 | D:4      | Found a runed door.
  4159 | D:4      | Noticed Americanboy's ghost (novice GnFi)
  4588 | D:4      | Reached *** piety under Okawaru
  4951 | D:4      | Slain by Americanboy's ghost

Skill      XL: |  1  2  3  4  5  6  7 |
---------------+----------------------+-----
Stealth        | 1 2 3 5 |  5.3
Fighting       | 4 5 |  5.0
Dodging        | 1 2 3 |  3.9
Shields        | 4 5 6 |  6.3
Armour         | 4 |  4.7
Axes           | 3 |  3.6

Action                   |  1- 3 |  4- 6 |  7- 9 || total
-------------------------+-------+-------+-------++-------
Melee: War axe           |    48 |   235 |    90 ||   373
       Kick              |       |    16 |    16 ||    32
 Abil: Shaft Self        |     1 |       |       ||     1
       Dig               |       |     4 |       ||     4
  Use: Scroll            |     1 |     5 |       ||     6
       Potion            |       |     6 |     3 ||     9
  Eat: Chunk             |       |     8 |       ||     8
       Ration            |       |       |     2 ||     2
Armor: Scale mail        |    13 |   146 |     8 ||   167
       Skin              |       |    63 |   109 ||   172
Dodge: Dodged            |    15 |   142 |    24 ||   181
Block: Shield            |    30 |   183 |    82 ||   295
